Blue Jackets vs Golden Knights

Created - March 17, 2020 at 19:28

Goals
1 2 3 T
Blue Jackets 0 2 0 2
Golden Knights 1 1 2 4
Shots
1 2 3 T
Blue Jackets 10 8 5 23
Golden Knights 12 12 12 36

1st period

1. Golden Knights , Steve Bernier 6 (Alex Tanguay 16, Vladimir Mihalik 13) at 11:25

Penalties :
Ole-Kristian Tollefsen (Vgs) for Hooking (Minor) at 12:07, Martin Havlat (Clb) for Interference (Minor) at 12:13

2nd period

2. Blue Jackets , Artemi Panarin 27 (Tyler Kennedy 17) at 2:23 (PP)
3. Blue Jackets , Artemi Panarin 28 (Peter Mueller 13, Mike Lundin 35) at 4:32 (PP)
4. Golden Knights , Ilya Kovalchuk 18 (Matt Stajan 17, Michael Frolik 26) at 7:15

Penalties :
Chris Higgins (Vgs) for Holding (Minor) at 1:46, Andrei Loktionov (Vgs) for Roughing (Minor) at 4:00, Mike Comrie (Clb) for Hooking (Minor) at 11:19, Eric Wellwood (Clb) for Hooking (Minor) at 14:34, Patrice Cormier (Vgs) for Hooking (Minor) at 18:40, Ilya Kovalchuk (Vgs) for Hooking (Minor) at 18:49

3rd period

5. Golden Knights , Chris Higgins 17 (Zach Bogosian 37) at 19:01
6. Golden Knights , Ilya Kovalchuk 19 (Zach Bogosian 38, Michael Frolik 27) at 19:17 (Empty Net)

Penalties :
Brandon Bollig (Vgs) for Hooking (Minor) at 1:53, Wayne Simmonds (Vgs) for Interference (Minor) at 4:20, Andreas Nodl (Clb) for Roughing (Minor) at 14:03, Mike Lundin (Clb) for Goalie Interference (Minor) at 19:30

Goalie Stats

Rick DiPietro (Clb), 32 saves from 35 shots - (0.914), L, 25-16-10, 59:48 minutes
Robin Lehner (Vgs), 21 saves from 23 shots - (0.913), W, 22-18-8, 60:00 minutes

Players Stats for Blue Jackets

Player Name              G  A  P  +/- PIM S  H  SB GA TA FO     MP     PP MP  PK MP  
------------------------------------------------------------------------------------
A.J Thelen               0  0  0  -1  0   0  0  1  1  0  0/0    10:26   0:00   0:36 
Andreas Nodl             0  0  0  -1  2   3  0  2  2  0  0/1    13:25   0:09   0:00 
Anthony Bitetto          0  0  0  -1  0   0  0  0  0  0  0/0     4:52   0:00   0:00 
Artemi Panarin           2  0  2  -2  0   3  1  0  1  0  1/1    23:13   3:11   3:21 
Branislav Mezei          0  0  0  -1  0   2  0  0  0  0  0/0    20:03   2:18   2:47 
Cam Fowler               0  0  0  -1  0   0  0  0  0  2  0/0    20:03   2:18   2:47 
Cody Eakin               0  0  0  -2  0   6  0  1  1  0  6/12   13:19   0:00   1:07 
Dalton Prout             0  0  0  -1  0   0  2  0  0  0  0/0     9:01   0:00   0:00 
Derek Boogaard           0  0  0  -1  0   0  2  0  2  1  5/10   25:26   4:01   3:22 
Eric Wellwood            0  0  0   0  2   0  0  0  0  0  0/0     5:24   0:00   0:45 
Martin Havlat            0  0  0  -1  2   2  1  2  0  1  1/2    21:29   4:09   1:38 
Max Pacioretty           0  0  0   0  0   2  0  0  0  0  0/0    14:11   0:00   2:43 
Mike Comrie              0  0  0  -1  2   0  2  0  0  2  11/28  20:07   4:10   0:01 
Mike Lundin              0  1  1  -1  2   2  2  1  0  0  0/0    25:34   5:03   3:16 
Peter Mueller            0  1  1  -2  0   2  1  0  1  1  5/12   17:04   3:11   0:00 
Rob Scuderi              0  0  0  -1  0   0  3  1  1  0  0/0    26:04   5:03   3:45 
Ryan Wilson              0  0  0  -1  0   0  0  0  0  0  0/0     4:52   0:00   0:00 
Tyler Kennedy            0  1  1  -2  0   1  6  1  1  0  0/0    16:57   3:11   0:00 

Players Stats for Golden Knights

Player Name              G  A  P  +/- PIM S  H  SB GA TA FO     MP     PP MP  PK MP  
------------------------------------------------------------------------------------
Alex Tanguay             0  1  1   1  0   2  0  0  0  0  1/1    11:39   0:41   0:46 
Andrei Loktionov         0  0  0   1  2   3  0  0  1  0  2/11   16:48   1:54   1:07 
Brandon Bollig           0  0  0   0  2   0  1  0  0  0  0/0     7:32   0:00   0:00 
Chris Higgins            1  0  1   1  2   4  1  0  0  0  1/2    15:04   1:48   0:00 
Damien Brunner           0  0  0   0  0   2  0  0  0  0  0/0     7:55   0:22   0:00 
Ilya Kovalchuk           2  0  2   2  2   7  4  0  0  0  3/7    22:05   4:10   3:28 
Jared Cowen              0  0  0   2  0   1  6  3  0  3  0/0    29:20   3:07   5:30 
Mathew Dumba             0  0  0   2  0   0  0  0  0  2  0/0    10:51   0:06   0:00 
Matt Stajan              0  1  1   2  0   4  2  0  1  1  18/26  23:18   4:06   4:33 
Maxim Lapierre           0  0  0   1  0   0  2  0  0  0  3/6    10:13   0:28   0:00 
Michael Frolik           0  2  2   2  0   3  2  0  3  1  2/3    19:15   4:10   1:07 
Michael Kostka           0  0  0   0  0   2  1  1  0  1  0/0    20:32   3:25   1:51 
Ole-Kristian Tollefsen   0  0  0   0  2   0  1  0  0  0  0/0    19:36   3:25   1:51 
Patrice Cormier          0  0  0   0  2   2  0  0  0  1  3/6     7:34   0:00   0:02 
Steve Bernier            1  0  1   1  0   4  1  0  0  0  3/3    11:32   0:00   1:48 
Vladimir Mihalik         0  1  1   2  0   0  0  0  1  0  0/0    10:39   0:00   0:00 
Wayne Simmonds           0  0  0   1  2   0  0  0  1  1  1/1    15:36   1:51   0:00 
Zach Bogosian            0  2  2   2  0   2  4  1  0  0  0/0    29:20   3:07   5:30 

3 Stars

1 - Ilya Kovalchuk (Vgs)
2 - Zach Bogosian (Vgs)
3 - Michael Frolik (Vgs)

Power Play

Blue Jackets - 2 on 7 Attempt(s) - 28.57%
Golden Knights - 0 on 5 Attempt(s) - 0.00%

Penalty Kill

Blue Jackets - 5 on 5 Attempt(s) - 100.00% - Score 0 goal in Penalty Kill
Golden Knights - 5 on 7 Attempt(s) - 71.43% - Score 0 goal in Penalty Kill

Team Stat

Blue Jackets - Hits : 20 - Faceoff Wins : 29 - Blocked Shots : 9 - Penalty Minutes : 10
Golden Knights - Hits : 25 - Faceoff Wins : 37 - Blocked Shots : 5 - Penalty Minutes : 14

Official

Referees : Unknown
Linesman : Unknown

Game Notes

Ilya Kovalchuk has scored in a empty net!

Finance

Level 1 -- Attendance: 5717 (95.28%) -- Ticket Income $531,681
Level 2 -- Attendance: 4657 (93.14%) -- Ticket Income $274,763
Level 3 -- Attendance: 2000 (100.00%) -- Ticket Income $78,000
Level 4 -- Attendance: 4000 (100.00%) -- Ticket Income $108,000
Luxury Box -- Attendance: 984 (98.40%) -- Ticket Income $157,440
Game was played at the Duff Garden.
Total Attendance: 17358 (96.43%)
Total Ticket Income: $1,149,884
Other Income: $172,483
Total Income: $1,322,367

Blue Jackets

5 vs 5 Forward 
   Center                   Left Wing                Right Wing               Time % Phy DF OF 
 1 Mike Comrie              Derek Boogaard           Martin Havlat            40     1   2  2  
 2 Peter Mueller            Artemi Panarin           Tyler Kennedy            30     1   2  2  
 3 Cody Eakin               Max Pacioretty           Andreas Nodl             20     1   2  2  
 4 Derek Boogaard           Eric Wellwood            Artemi Panarin           10     1   2  2  

5 vs 5 Defense 
   Defense                  Defense                                           Time % Phy DF OF 
 1 Mike Lundin              Rob Scuderi                                       40     1   2  2  
 2 Cam Fowler               Branislav Mezei                                   30     1   2  2  
 3 Dalton Prout             A.J Thelen                                        20     1   2  2  
 4 Anthony Bitetto          Ryan Wilson                                       10     1   2  2  

PowerPlay Forward 
   Center                   Left Wing                Right Wing               Time % Phy DF OF 
 1 Mike Comrie              Derek Boogaard           Martin Havlat            60     1   2  2  
 2 Peter Mueller            Artemi Panarin           Tyler Kennedy            40     1   2  2  

PowerPlay Defense
   Defense                  Defense                                           Time % Phy DF OF 
 1 Mike Lundin              Rob Scuderi                                       60     1   2  2  
 2 Cam Fowler               Branislav Mezei                                   40     1   2  2  

Penalty Kill 4 Players Forward 
   Center                   Wing                     Time % Phy DF OF 
 1 Derek Boogaard           Artemi Panarin           60     1   2  2  
 2 Martin Havlat            Max Pacioretty           40     1   2  2  

Penalty Kill 4 Players Defense
   Defense                  Defense                  Time % Phy DF OF 
 1 Mike Lundin              Rob Scuderi              60     1   2  2  
 2 Cam Fowler               Branislav Mezei          40     1   2  2  

Penalty Kill - 3 Players Forward 
   Forward                                           Time % Phy DF OF 
 1 Derek Boogaard                                    60     1   2  2  
 2 Artemi Panarin                                    40     1   2  2  

Penalty Kill - 3 Players Defense
   Defense                  Defense                  Time % Phy DF OF 
 1 Mike Lundin              Rob Scuderi              60     1   2  2  
 2 Cam Fowler               Branislav Mezei          40     1   2  2  

4 vs 4 Forward 
   Center                   Wing                     Time % Phy DF OF 
 1 Derek Boogaard           Artemi Panarin           60     1   2  2  
 2 Martin Havlat            Max Pacioretty           40     1   2  2  

4 vs 4 Defense
   Defense                  Defense                  Time % Phy DF OF 
 1 Mike Lundin              Rob Scuderi              60     1   2  2  
 2 Cam Fowler               Branislav Mezei          40     1   2  2  

Last Minutes Offensive
   Center                   Left Wing                Right Wing               Defense                  Defense                  
   Mike Comrie              Derek Boogaard           Martin Havlat            Mike Lundin              Rob Scuderi              

Last Minutes Defensive
   Center                   Left Wing                Right Wing               Defense                  Defense                  
   Mike Comrie              Derek Boogaard           Martin Havlat            Mike Lundin              Rob Scuderi              

Goaltenders
Starting : Rick DiPietro            
Backup : Andrei Vasilevskiy       

Extra Forwards
Normal : Andreas Nodl, Cody Eakin, Eric Wellwood - PP : Andreas Nodl, Cody Eakin - PK : Eric Wellwood
Extra Defensemen
Normal : Dalton Prout, A.J Thelen, Anthony Bitetto - PP : Dalton Prout - PK : A.J Thelen, Anthony Bitetto
Penalty Shots
Derek Boogaard, Artemi Panarin, Martin Havlat, Max Pacioretty, Mike Comrie

Scratches
Devin Setoguchi (Healthy), Pavel Datsyuk (Torn Left Knee Ligaments Injury)

Golden Knights

5 vs 5 Forward 
   Center                   Left Wing                Right Wing               Time % Phy DF OF 
 1 Matt Stajan              Ilya Kovalchuk           Michael Frolik           40     1   2  2  
 2 Andrei Loktionov         Chris Higgins            Wayne Simmonds           30     1   2  2  
 3 Maxim Lapierre           Alex Tanguay             Steve Bernier            20     1   2  2  
 4 Patrice Cormier          Brandon Bollig           Damien Brunner           10     1   2  2  

5 vs 5 Defense 
   Defense                  Defense                                           Time % Phy DF OF 
 1 Zach Bogosian            Jared Cowen                                       40     1   2  2  
 2 Ole-Kristian Tollefsen   Michael Kostka                                    30     1   2  2  
 3 Vladimir Mihalik         Mathew Dumba                                      20     1   2  2  
 4 Zach Bogosian            Jared Cowen                                       10     1   2  2  

PowerPlay Forward 
   Center                   Left Wing                Right Wing               Time % Phy DF OF 
 1 Matt Stajan              Ilya Kovalchuk           Michael Frolik           60     1   2  2  
 2 Andrei Loktionov         Chris Higgins            Wayne Simmonds           40     1   2  2  

PowerPlay Defense
   Defense                  Defense                                           Time % Phy DF OF 
 1 Zach Bogosian            Jared Cowen                                       60     1   2  2  
 2 Ole-Kristian Tollefsen   Michael Kostka                                    40     1   2  2  

Penalty Kill 4 Players Forward 
   Center                   Wing                     Time % Phy DF OF 
 1 Ilya Kovalchuk           Matt Stajan              60     1   2  2  
 2 Michael Frolik           Andrei Loktionov         40     1   2  2  

Penalty Kill 4 Players Defense
   Defense                  Defense                  Time % Phy DF OF 
 1 Zach Bogosian            Jared Cowen              60     1   2  2  
 2 Ole-Kristian Tollefsen   Michael Kostka           40     1   2  2  

Penalty Kill - 3 Players Forward 
   Forward                                           Time % Phy DF OF 
 1 Ilya Kovalchuk                                    60     1   2  2  
 2 Matt Stajan                                       40     1   2  2  

Penalty Kill - 3 Players Defense
   Defense                  Defense                  Time % Phy DF OF 
 1 Zach Bogosian            Jared Cowen              60     1   2  2  
 2 Ole-Kristian Tollefsen   Michael Kostka           40     1   2  2  

4 vs 4 Forward 
   Center                   Wing                     Time % Phy DF OF 
 1 Ilya Kovalchuk           Matt Stajan              60     1   2  2  
 2 Michael Frolik           Andrei Loktionov         40     1   2  2  

4 vs 4 Defense
   Defense                  Defense                  Time % Phy DF OF 
 1 Zach Bogosian            Jared Cowen              60     1   2  2  
 2 Ole-Kristian Tollefsen   Michael Kostka           40     1   2  2  

Last Minutes Offensive
   Center                   Left Wing                Right Wing               Defense                  Defense                  
   Matt Stajan              Ilya Kovalchuk           Michael Frolik           Zach Bogosian            Jared Cowen              

Last Minutes Defensive
   Center                   Left Wing                Right Wing               Defense                  Defense                  
   Matt Stajan              Ilya Kovalchuk           Michael Frolik           Zach Bogosian            Jared Cowen              

Goaltenders
Starting : Robin Lehner             
Backup : Matt Hackett             

Extra Forwards
Normal : Alex Tanguay, Maxim Lapierre, Steve Bernier - PP : Alex Tanguay, Maxim Lapierre - PK : Steve Bernier
Extra Defensemen
Normal : Vladimir Mihalik, Mathew Dumba, Ole-Kristian Tollefsen - PP : Vladimir Mihalik - PK : Mathew Dumba, Ole-Kristian Tollefsen
Penalty Shots
Ilya Kovalchuk, Matt Stajan, Michael Frolik, Andrei Loktionov, Wayne Simmonds

Scratches
None


% Time on Ice - Blue Jackets

Lines # - Real PCT - Wanted PCT - Time Play
Normal Forward
1 - 36% - 40% - 15:54
2 - 32% - 30% - 14:04
3 - 25% - 20% - 10:49
4 - 7% - 10% - 3:11
Normal Defense
1 - 36% - 40% - 15:55
2 - 32% - 30% - 14:10
3 - 21% - 20% - 9:01
4 - 11% - 10% - 4:52
PP Forward
1 - 57% - 60% - 4:10
2 - 43% - 40% - 3:11
PP Defense
1 - 69% - 60% - 5:03
2 - 31% - 40% - 2:18
PK Forward
1 - 75% - 60% - 4:54
2 - 25% - 40% - 1:38
PK Defense
1 - 57% - 60% - 3:45
2 - 43% - 40% - 2:47
PK3 Forward
1 - 0% - 60%
2 - 0% - 40%
PK3 Defense
1 - 0% - 60%
2 - 0% - 40%
44 Forward
1 - 65% - 60% - 1:14
2 - 35% - 40% - 0:39
44 Defense
1 - 58% - 60% - 1:05
2 - 42% - 40% - 0:48
Last Minute Offensive  - 0:16
Last Minute Defensive  - 0:00
Total
Forward - 60:00
Defense - 60:00

% Time on Ice - Golden Knights

Lines # - Real PCT - Wanted PCT - Time Play
Normal Forward
1 - 32% - 40% - 13:54
2 - 30% - 30% - 13:17
3 - 21% - 20% - 9:14
4 - 17% - 10% - 7:33
Normal Defense
1 - 39% - 40% - 17:14
2 - 33% - 30% - 14:21
3 - 23% - 20% - 10:08
4 - 5% - 10% - 2:15
PP Forward
1 - 71% - 60% - 4:38
2 - 29% - 40% - 1:54
PP Defense
1 - 48% - 60% - 3:07
2 - 52% - 40% - 3:25
PK Forward
1 - 80% - 60% - 4:24
2 - 20% - 40% - 1:07
PK Defense
1 - 76% - 60% - 4:12
2 - 24% - 40% - 1:19
PK3 Forward
1 - 100% - 60% - 1:50
2 - 0% - 40% - 0:00
PK3 Defense
1 - 71% - 60% - 1:18
2 - 29% - 40% - 0:32
44 Forward
1 - 73% - 60% - 1:22
2 - 27% - 40% - 0:31
44 Defense
1 - 51% - 60% - 0:58
2 - 49% - 40% - 0:55
Last Minute Offensive  - 0:00
Last Minute Defensive  - 0:16
Total
Forward - 60:00
Defense - 60:00

Play-by-Play

1st period


0:01 of 1st period - Matt Stajan wins face-off versus Mike Comrie in neutral zone.
0:23 of 1st period - Icing by Mike Comrie.
0:24 of 1st period - Andrei Loktionov wins face-off versus Mike Comrie in Blue Jackets zone.
1:28 of 1st period - Mathew Dumba is hit by Artemi Panarin and loses puck.
1:39 of 1st period - Backhand shot by Damien Brunner.
1:39 of 1st period - Stopped by Rick DiPietro without a rebound.
1:40 of 1st period - Patrice Cormier wins face-off versus Cody Eakin in Blue Jackets zone.
1:47 of 1st period - Snap shot by Max Pacioretty.
1:47 of 1st period - Stopped by Robin Lehner with a rebound.
1:49 of 1st period - Wrist shot by Max Pacioretty.
1:49 of 1st period - Shot Hit the Post.
1:53 of 1st period - Wrist shot by Max Pacioretty.
1:53 of 1st period - Stopped by Robin Lehner without a rebound.
1:54 of 1st period - Peter Mueller wins face-off versus Maxim Lapierre in Golden Knights zone.
2:03 of 1st period - Snap shot by Artemi Panarin.
2:03 of 1st period - Stopped by Robin Lehner without a rebound.
2:04 of 1st period - Alex Tanguay wins face-off versus Peter Mueller in Golden Knights zone.
2:09 of 1st period - A.J Thelen is hit by Zach Bogosian and loses puck.
2:56 of 1st period - Snap shot by Alex Tanguay.
2:56 of 1st period - Shot Blocked by A.J Thelen.
3:06 of 1st period - Snap shot by Zach Bogosian.
3:06 of 1st period - Shot Misses the Net.
3:14 of 1st period - Snap shot by Maxim Lapierre.
3:14 of 1st period - Shot Misses the Net.
3:16 of 1st period - Slapshot by Jared Cowen.
3:16 of 1st period - Shot Misses the Net.
3:18 of 1st period - Slapshot by Zach Bogosian.
3:18 of 1st period - Shot Blocked by Tyler Kennedy.
3:20 of 1st period - Wrist shot by Steve Bernier.
3:20 of 1st period - Shot Misses the Net.
3:30 of 1st period - Zach Bogosian is hit by Tyler Kennedy.
3:42 of 1st period - Slapshot by Zach Bogosian.
3:42 of 1st period - Stopped by Rick DiPietro without a rebound.
3:43 of 1st period - Matt Stajan wins face-off versus Cody Eakin in Blue Jackets zone.
4:08 of 1st period - Ole-Kristian Tollefsen is hit by Derek Boogaard.
4:30 of 1st period - Snap shot by Max Pacioretty.
4:30 of 1st period - Shot Misses the Net.
5:04 of 1st period - Ryan Wilson is hit by Ole-Kristian Tollefsen and loses puck.
5:25 of 1st period - Snap shot by Andrei Loktionov.
5:25 of 1st period - Stopped by Rick DiPietro with a rebound.
6:04 of 1st period - Damien Brunner is hit by Mike Comrie and loses puck.
7:49 of 1st period - Off-side.
7:50 of 1st period - Cody Eakin wins face-off versus Maxim Lapierre in neutral zone.
9:43 of 1st period - Martin Havlat is hit by Michael Kostka and loses puck.
9:52 of 1st period - Slapshot by Chris Higgins.
9:52 of 1st period - Stopped by Rick DiPietro with a rebound.
9:54 of 1st period - Snap shot by Andrei Loktionov.
9:54 of 1st period - Shot Blocked by Andreas Nodl.
10:24 of 1st period - Off-side.
10:25 of 1st period - Peter Mueller wins face-off versus Patrice Cormier in neutral zone.
11:23 of 1st period - Snap shot by Alex Tanguay.
11:23 of 1st period - Stopped by Rick DiPietro with a rebound.
11:25 of 1st period - Wrist shot by Steve Bernier.
11:25 of 1st period - Goal by Steve Bernier - Blue Jackets : 0 - Golden Knights : 1.
11:26 of 1st period - Mike Comrie wins face-off versus Matt Stajan in neutral zone.
11:29 of 1st period - Matt Stajan is hit by Mike Comrie and loses puck.
12:00 of 1st period - Wrist shot by Andrei Loktionov.
12:00 of 1st period - Stopped by Rick DiPietro without a rebound.
12:01 of 1st period - Mike Comrie wins face-off versus Andrei Loktionov in Blue Jackets zone.
12:07 of 1st period - Minor Penalty to Ole-Kristian Tollefsen for Hooking.
12:08 of 1st period - Mike Comrie wins face-off versus Ilya Kovalchuk in Golden Knights zone.
12:13 of 1st period - Minor Penalty to Martin Havlat for Interference.
12:14 of 1st period - Derek Boogaard wins face-off versus Ilya Kovalchuk in Blue Jackets zone.
12:14 of 1st period - Derek Boogaard is hit by Matt Stajan.
13:48 of 1st period - Max Pacioretty is hit by Ilya Kovalchuk.
14:07 of 1st period - Penalty to Ole-Kristian Tollefsen is over, Ole-Kristian Tollefsen is back on ice.
14:13 of 1st period - Penalty to Martin Havlat is over, Martin Havlat is back on ice.
14:16 of 1st period - Snap shot by Martin Havlat.
14:16 of 1st period - Stopped by Robin Lehner with a rebound.
14:23 of 1st period - Icing by Maxim Lapierre.
14:24 of 1st period - Cody Eakin wins face-off versus Maxim Lapierre in Golden Knights zone.
14:25 of 1st period - Wrist shot by Andreas Nodl.
14:25 of 1st period - Stopped by Robin Lehner without a rebound.
14:26 of 1st period - Cody Eakin wins face-off versus Andrei Loktionov in Golden Knights zone.
14:37 of 1st period - Snap shot by Max Pacioretty.
14:37 of 1st period - Deflect By Cody Eakin.
14:37 of 1st period - Stopped by Robin Lehner without a rebound.
14:38 of 1st period - Mike Comrie wins face-off versus Andrei Loktionov in Golden Knights zone.
14:41 of 1st period - Slapshot by Martin Havlat.
14:41 of 1st period - Deflect By Wayne Simmonds.
14:41 of 1st period - Shot Blocked by Jared Cowen.
14:41 of 1st period - Puck is out of play.
14:42 of 1st period - Wayne Simmonds wins face-off versus Mike Comrie in Golden Knights zone.
14:47 of 1st period - Wrist shot by Chris Higgins.
14:47 of 1st period - Stopped by Rick DiPietro with a rebound.
14:53 of 1st period - Slapshot by Zach Bogosian.
14:53 of 1st period - Shot Misses the Net.
15:17 of 1st period - Snap shot by Max Pacioretty.
15:17 of 1st period - Shot Blocked by Zach Bogosian.
15:19 of 1st period - Slapshot by Mike Lundin.
15:19 of 1st period - Stopped by Robin Lehner without a rebound.
15:20 of 1st period - Matt Stajan wins face-off versus Mike Comrie in Golden Knights zone.
15:26 of 1st period - Off-side.
15:27 of 1st period - Derek Boogaard wins face-off versus Matt Stajan in neutral zone.
15:46 of 1st period - Wrist shot by Matt Stajan.
15:46 of 1st period - Stopped by Rick DiPietro without a rebound.
15:47 of 1st period - Peter Mueller wins face-off versus Andrei Loktionov in Blue Jackets zone.
16:02 of 1st period - Mike Lundin is hit by Zach Bogosian and loses puck.
17:13 of 1st period - Snap shot by Chris Higgins.
17:13 of 1st period - Stopped by Rick DiPietro with a rebound.
17:23 of 1st period - Chris Higgins is hit by Dalton Prout and loses puck.
17:44 of 1st period - Mike Comrie is hit by Ilya Kovalchuk and loses puck.
17:57 of 1st period - Wrist shot by Damien Brunner.
17:57 of 1st period - Stopped by Rick DiPietro without a rebound.
17:58 of 1st period - Patrice Cormier wins face-off versus Cody Eakin in Blue Jackets zone.
18:03 of 1st period - Slapshot by Brandon Bollig.
18:03 of 1st period - Shot Misses the Net.
18:09 of 1st period - Snap shot by Cody Eakin.
18:09 of 1st period - Stopped by Robin Lehner without a rebound.
18:10 of 1st period - Matt Stajan wins face-off versus Peter Mueller in Golden Knights zone.
18:10 of 1st period - Matt Stajan is hit by Tyler Kennedy.
18:36 of 1st period - Cody Eakin is hit by Jared Cowen and loses puck.
18:43 of 1st period - Slapshot by Branislav Mezei.
18:43 of 1st period - Stopped by Robin Lehner with a rebound.
19:41 of 1st period - Slapshot by Cody Eakin.
19:41 of 1st period - Stopped by Robin Lehner with a rebound.
19:47 of 1st period - Snap shot by Matt Stajan.
19:47 of 1st period - Stopped by Rick DiPietro with a rebound.
Goals for this period are 0 for Blue Jackets vs 1 for Golden Knights.
Shots for this period are 10 for Blue Jackets vs 12 for Golden Knights.

2nd period


0:01 of 2nd period - Mike Comrie wins face-off versus Matt Stajan in neutral zone.
0:30 of 2nd period - Wrist shot by Peter Mueller.
0:30 of 2nd period - Stopped by Robin Lehner without a rebound.
0:31 of 2nd period - Artemi Panarin wins face-off versus Andrei Loktionov in Golden Knights zone.
1:06 of 2nd period - Off-side.
1:07 of 2nd period - Matt Stajan wins face-off versus Mike Comrie in neutral zone.
1:10 of 2nd period - Snap shot by Jared Cowen.
1:10 of 2nd period - Shot Misses the Net.
1:12 of 2nd period - Wrist shot by Matt Stajan.
1:12 of 2nd period - Stopped by Rick DiPietro without a rebound.
1:13 of 2nd period - Mike Comrie wins face-off versus Matt Stajan in Blue Jackets zone.
1:13 of 2nd period - Mike Comrie is hit by Jared Cowen.
1:21 of 2nd period - Slapshot by Derek Boogaard.
1:21 of 2nd period - Shot Misses the Net.
1:23 of 2nd period - Slapshot by Martin Havlat.
1:23 of 2nd period - Stopped by Robin Lehner with a rebound.
1:25 of 2nd period - Wrist shot by Rob Scuderi.
1:25 of 2nd period - Shot Blocked by Jared Cowen.
1:27 of 2nd period - Slapshot by Mike Lundin.
1:27 of 2nd period - Stopped by Robin Lehner without a rebound.
1:28 of 2nd period - Peter Mueller wins face-off versus Chris Higgins in Golden Knights zone.
1:46 of 2nd period - Minor Penalty to Chris Higgins for Holding.
1:47 of 2nd period - Ilya Kovalchuk wins face-off versus Mike Comrie in Golden Knights zone.
2:03 of 2nd period - Jared Cowen is hit by Mike Lundin and loses puck.
2:14 of 2nd period - Jared Cowen is hit by Peter Mueller and loses puck.
2:19 of 2nd period - Wrist shot by Artemi Panarin.
2:19 of 2nd period - Shot Misses the Net.
2:21 of 2nd period - Snap shot by Tyler Kennedy.
2:21 of 2nd period - Stopped by Robin Lehner with a rebound.
2:23 of 2nd period - Slapshot by Artemi Panarin.
2:23 of 2nd period - Goal by Artemi Panarin - Blue Jackets : 1 - Golden Knights : 1.
2:24 of 2nd period - Mike Comrie wins face-off versus Andrei Loktionov in neutral zone.
2:27 of 2nd period - Jared Cowen is hit by Rob Scuderi and loses puck.
2:50 of 2nd period - Matt Stajan is hit by Tyler Kennedy and loses puck.
4:00 of 2nd period - Minor Penalty to Andrei Loktionov for Roughing.
4:01 of 2nd period - Mike Comrie wins face-off versus Ilya Kovalchuk in Golden Knights zone.
4:32 of 2nd period - Wrist shot by Artemi Panarin.
4:32 of 2nd period - Goal by Artemi Panarin - Blue Jackets : 2 - Golden Knights : 1.
4:33 of 2nd period - Ilya Kovalchuk wins face-off versus Mike Comrie in neutral zone.
4:49 of 2nd period - Slapshot by Mike Comrie.
4:49 of 2nd period - Shot Blocked by Jared Cowen.
4:59 of 2nd period - Rob Scuderi is hit by Jared Cowen and loses puck.
5:28 of 2nd period - Wrist shot by Steve Bernier.
5:28 of 2nd period - Stopped by Rick DiPietro without a rebound.
5:29 of 2nd period - Mike Comrie wins face-off versus Matt Stajan in Blue Jackets zone.
6:18 of 2nd period - Wrist shot by Max Pacioretty.
6:18 of 2nd period - Shot Blocked by Michael Kostka.
6:47 of 2nd period - Ryan Wilson is hit by Zach Bogosian and loses puck.
6:59 of 2nd period - Icing by Artemi Panarin.
7:00 of 2nd period - Matt Stajan wins face-off versus Peter Mueller in Blue Jackets zone.
7:13 of 2nd period - Snap shot by Ilya Kovalchuk.
7:13 of 2nd period - Stopped by Rick DiPietro with a rebound.
7:15 of 2nd period - Wrist shot by Ilya Kovalchuk.
7:15 of 2nd period - Goal by Ilya Kovalchuk - Blue Jackets : 2 - Golden Knights : 2.
7:16 of 2nd period - Matt Stajan wins face-off versus Mike Comrie in neutral zone.
7:29 of 2nd period - Snap shot by Ilya Kovalchuk.
7:29 of 2nd period - Stopped by Rick DiPietro with a rebound.
8:26 of 2nd period - Icing by Branislav Mezei.
8:27 of 2nd period - Derek Boogaard wins face-off versus Patrice Cormier in Blue Jackets zone.
8:43 of 2nd period - Icing by Branislav Mezei.
8:44 of 2nd period - Derek Boogaard wins face-off versus Matt Stajan in Blue Jackets zone.
8:44 of 2nd period - Derek Boogaard is hit by Michael Frolik.
9:12 of 2nd period - Slapshot by Branislav Mezei.
9:12 of 2nd period - Deflect By Vladimir Mihalik.
9:12 of 2nd period - Stopped by Robin Lehner with a rebound.
9:16 of 2nd period - Slapshot by Cody Eakin.
9:16 of 2nd period - Stopped by Robin Lehner without a rebound.
9:17 of 2nd period - Matt Stajan wins face-off versus Cody Eakin in Golden Knights zone.
9:24 of 2nd period - Snap shot by Michael Frolik.
9:24 of 2nd period - Stopped by Rick DiPietro without a rebound.
9:25 of 2nd period - Matt Stajan wins face-off versus Mike Comrie in Blue Jackets zone.
9:26 of 2nd period - Slapshot by Ilya Kovalchuk.
9:26 of 2nd period - Shot Misses the Net.
9:42 of 2nd period - Wrist shot by Matt Stajan.
9:42 of 2nd period - Stopped by Rick DiPietro without a rebound.
9:43 of 2nd period - Peter Mueller wins face-off versus Andrei Loktionov in Blue Jackets zone.
9:43 of 2nd period - Peter Mueller is hit by Zach Bogosian.
9:49 of 2nd period - Chris Higgins is hit by Tyler Kennedy and loses puck.
9:58 of 2nd period - Slapshot by Jared Cowen.
9:58 of 2nd period - Stopped by Rick DiPietro with a rebound.
10:00 of 2nd period - Slapshot by Andrei Loktionov.
10:00 of 2nd period - Stopped by Rick DiPietro without a rebound.
10:01 of 2nd period - Matt Stajan wins face-off versus Mike Comrie in Blue Jackets zone.
10:06 of 2nd period - Wrist shot by Michael Frolik.
10:06 of 2nd period - Stopped by Rick DiPietro with a rebound.
10:08 of 2nd period - Slapshot by Ole-Kristian Tollefsen.
10:08 of 2nd period - Deflect By Michael Frolik.
10:08 of 2nd period - Stopped by Rick DiPietro with a rebound.
10:32 of 2nd period - Zach Bogosian is hit by Tyler Kennedy and loses puck.
11:19 of 2nd period - Minor Penalty to Mike Comrie for Hooking.
11:20 of 2nd period - Matt Stajan wins face-off versus Derek Boogaard in Blue Jackets zone.
11:38 of 2nd period - Derek Boogaard is hit by Matt Stajan and loses puck.
11:53 of 2nd period - Wrist shot by Ilya Kovalchuk.
11:53 of 2nd period - Stopped by Rick DiPietro with a rebound.
12:55 of 2nd period - Wrist shot by Matt Stajan.
12:55 of 2nd period - Shot Blocked by Martin Havlat.
13:05 of 2nd period - Snap shot by Michael Frolik.
13:05 of 2nd period - Deflect By Martin Havlat.
13:05 of 2nd period - Shot Hit the Post.
13:05 of 2nd period - Puck is out of play.
13:06 of 2nd period - Derek Boogaard wins face-off versus Andrei Loktionov in Blue Jackets zone.
13:19 of 2nd period - Penalty to Mike Comrie is over, Mike Comrie is back on ice.
13:25 of 2nd period - Slapshot by Derek Boogaard.
13:25 of 2nd period - Shot Misses the Net.
13:28 of 2nd period - Icing by Zach Bogosian.
13:29 of 2nd period - Andrei Loktionov wins face-off versus Peter Mueller in Golden Knights zone.
13:44 of 2nd period - Chris Higgins is hit by Dalton Prout.
14:34 of 2nd period - Minor Penalty to Eric Wellwood for Hooking.
14:35 of 2nd period - Matt Stajan wins face-off versus Derek Boogaard in Blue Jackets zone.
16:04 of 2nd period - Mike Lundin is hit by Maxim Lapierre.
16:34 of 2nd period - Penalty to Eric Wellwood is over, Eric Wellwood is back on ice.
18:40 of 2nd period - Minor Penalty to Patrice Cormier for Hooking.
18:41 of 2nd period - Mike Comrie wins face-off versus Ilya Kovalchuk in Golden Knights zone.
18:49 of 2nd period - Minor Penalty to Ilya Kovalchuk for Hooking.
18:50 of 2nd period - Steve Bernier wins face-off versus Mike Comrie in Golden Knights zone.
19:04 of 2nd period - Wrist shot by Martin Havlat.
19:04 of 2nd period - Shot Misses the Net.
19:16 of 2nd period - Mike Lundin is hit by Jared Cowen.
Goals for this period are 2 for Blue Jackets vs 1 for Golden Knights.
Shots for this period are 8 for Blue Jackets vs 12 for Golden Knights.

3rd period


0:01 of 3rd period - Steve Bernier wins face-off versus Mike Comrie in neutral zone.
0:40 of 3rd period - Penalty to Patrice Cormier is over, Patrice Cormier is back on ice.
0:45 of 3rd period - Mike Comrie is hit by Steve Bernier and loses puck.
0:49 of 3rd period - Penalty to Ilya Kovalchuk is over, Ilya Kovalchuk is back on ice.
1:16 of 3rd period - Wrist shot by Peter Mueller.
1:16 of 3rd period - Stopped by Robin Lehner with a rebound.
1:32 of 3rd period - Michael Kostka is hit by Tyler Kennedy and loses puck.
1:53 of 3rd period - Minor Penalty to Brandon Bollig for Hooking.
1:54 of 3rd period - Matt Stajan wins face-off versus Mike Comrie in Golden Knights zone.
2:35 of 3rd period - Slapshot by Artemi Panarin.
2:35 of 3rd period - Deflect By Peter Mueller.
2:35 of 3rd period - Shot Misses the Net.
2:35 of 3rd period - Puck is out of play.
2:36 of 3rd period - Michael Frolik wins face-off versus Peter Mueller in Golden Knights zone.
3:00 of 3rd period - Derek Boogaard is hit by Michael Frolik and loses puck.
3:45 of 3rd period - Alex Tanguay is hit by Rob Scuderi and loses puck.
3:53 of 3rd period - Penalty to Brandon Bollig is over, Brandon Bollig is back on ice.
3:57 of 3rd period - Off-side.
3:58 of 3rd period - Cody Eakin wins face-off versus Andrei Loktionov in neutral zone.
4:00 of 3rd period - A.J Thelen is hit by Chris Higgins.
4:10 of 3rd period - Snap shot by Andreas Nodl.
4:10 of 3rd period - Shot Misses the Net.
4:20 of 3rd period - Minor Penalty to Wayne Simmonds for Interference.
4:21 of 3rd period - Ilya Kovalchuk wins face-off versus Mike Comrie in Golden Knights zone.
4:36 of 3rd period - Wrist shot by Ilya Kovalchuk.
4:36 of 3rd period - Shot Blocked by Martin Havlat.
4:38 of 3rd period - Slapshot by Zach Bogosian.
4:38 of 3rd period - Shot Blocked by Rob Scuderi.
6:20 of 3rd period - Penalty to Wayne Simmonds is over, Wayne Simmonds is back on ice.
6:48 of 3rd period - Snap shot by Alex Tanguay.
6:48 of 3rd period - Deflect By Wayne Simmonds.
6:48 of 3rd period - Shot Misses the Net.
6:48 of 3rd period - Puck is out of play.
6:49 of 3rd period - Patrice Cormier wins face-off versus Cody Eakin in Blue Jackets zone.
8:12 of 3rd period - Steve Bernier is hit by Rob Scuderi and loses puck.
9:01 of 3rd period - Peter Mueller is hit by Jared Cowen and loses puck.
9:23 of 3rd period - Michael Kostka is hit by Martin Havlat and loses puck.
9:38 of 3rd period - Rob Scuderi is hit by Ilya Kovalchuk and loses puck.
10:25 of 3rd period - Peter Mueller is hit by Maxim Lapierre and loses puck.
10:34 of 3rd period - Snap shot by Maxim Lapierre.
10:34 of 3rd period - Deflect By Alex Tanguay.
10:34 of 3rd period - Stopped by Rick DiPietro with a rebound.
10:36 of 3rd period - Slapshot by Vladimir Mihalik.
10:36 of 3rd period - Shot Misses the Net.
10:58 of 3rd period - Wrist shot by Patrice Cormier.
10:58 of 3rd period - Stopped by Rick DiPietro without a rebound.
10:59 of 3rd period - Martin Havlat wins face-off versus Patrice Cormier in Blue Jackets zone.
10:59 of 3rd period - Martin Havlat is hit by Brandon Bollig.
11:13 of 3rd period - Wrist shot by Patrice Cormier.
11:13 of 3rd period - Stopped by Rick DiPietro without a rebound.
11:14 of 3rd period - Matt Stajan wins face-off versus Cody Eakin in Blue Jackets zone.
11:15 of 3rd period - Snap shot by Ilya Kovalchuk.
11:15 of 3rd period - Deflect By Matt Stajan.
11:15 of 3rd period - Shot Blocked by Andreas Nodl.
11:15 of 3rd period - Puck is out of play.
11:16 of 3rd period - Cody Eakin wins face-off versus Matt Stajan in Blue Jackets zone.
11:27 of 3rd period - Snap shot by Max Pacioretty.
11:27 of 3rd period - Deflect By Cody Eakin.
11:27 of 3rd period - Stopped by Robin Lehner without a rebound.
11:28 of 3rd period - Matt Stajan wins face-off versus Mike Comrie in Golden Knights zone.
11:28 of 3rd period - Matt Stajan is hit by Mike Lundin.
11:38 of 3rd period - Wrist shot by Ilya Kovalchuk.
11:38 of 3rd period - Stopped by Rick DiPietro without a rebound.
11:39 of 3rd period - Matt Stajan wins face-off versus Mike Comrie in Blue Jackets zone.
12:05 of 3rd period - Tyler Kennedy is hit by Jared Cowen and loses puck.
12:16 of 3rd period - Snap shot by Chris Higgins.
12:16 of 3rd period - Shot Misses the Net.
12:32 of 3rd period - Snap shot by Cody Eakin.
12:32 of 3rd period - Stopped by Robin Lehner with a rebound.
12:35 of 3rd period - Icing by Ole-Kristian Tollefsen.
12:36 of 3rd period - Maxim Lapierre wins face-off versus Mike Comrie in Golden Knights zone.
12:45 of 3rd period - Backhand shot by Steve Bernier.
12:45 of 3rd period - Stopped by Rick DiPietro without a rebound.
12:46 of 3rd period - Matt Stajan wins face-off versus Martin Havlat in Blue Jackets zone.
12:47 of 3rd period - Wrist shot by Ilya Kovalchuk.
12:47 of 3rd period - Stopped by Rick DiPietro with a rebound.
13:39 of 3rd period - Slapshot by Andreas Nodl.
13:39 of 3rd period - Stopped by Robin Lehner without a rebound.
13:40 of 3rd period - Cody Eakin wins face-off versus Michael Frolik in Golden Knights zone.
13:43 of 3rd period - Slapshot by Andreas Nodl.
13:43 of 3rd period - Stopped by Robin Lehner with a rebound.
13:51 of 3rd period - Slapshot by Michael Kostka.
13:51 of 3rd period - Stopped by Rick DiPietro with a rebound.
13:53 of 3rd period - Slapshot by Michael Kostka.
13:53 of 3rd period - Stopped by Rick DiPietro with a rebound.
13:55 of 3rd period - Snap shot by Ole-Kristian Tollefsen.
13:55 of 3rd period - Shot Blocked by Mike Lundin.
13:57 of 3rd period - Wrist shot by Ilya Kovalchuk.
13:57 of 3rd period - Shot Blocked by Cody Eakin.
14:03 of 3rd period - Minor Penalty to Andreas Nodl for Roughing.
14:04 of 3rd period - Michael Frolik wins face-off versus Derek Boogaard in Blue Jackets zone.
16:03 of 3rd period - Penalty to Andreas Nodl is over, Andreas Nodl is back on ice.
16:14 of 3rd period - Off-side.
16:15 of 3rd period - Steve Bernier wins face-off versus Peter Mueller in neutral zone.
16:18 of 3rd period - Snap shot by Vladimir Mihalik.
16:18 of 3rd period - Shot Misses the Net.
17:24 of 3rd period - Slapshot by Steve Bernier.
17:24 of 3rd period - Stopped by Rick DiPietro without a rebound.
17:25 of 3rd period - Maxim Lapierre wins face-off versus Peter Mueller in Blue Jackets zone.
17:30 of 3rd period - Slapshot by Zach Bogosian.
17:30 of 3rd period - Stopped by Rick DiPietro with a rebound.
17:50 of 3rd period - Ilya Kovalchuk is hit by Derek Boogaard and loses puck.
18:33 of 3rd period - Derek Boogaard is hit by Ilya Kovalchuk and loses puck.
18:51 of 3rd period - Off-side.
18:52 of 3rd period - Chris Higgins wins face-off versus Andreas Nodl in neutral zone.
19:01 of 3rd period - Snap shot by Chris Higgins.
19:01 of 3rd period - Goal by Chris Higgins - Blue Jackets : 2 - Golden Knights : 3.
19:02 of 3rd period - Mike Comrie wins face-off versus Matt Stajan in neutral zone.
19:05 of 3rd period - Blue Jackets, Rick DiPietro is pulled from the net.
19:07 of 3rd period - Slapshot by Derek Boogaard.
19:07 of 3rd period - Shot Misses the Net.
19:17 of 3rd period - Snap shot by Ilya Kovalchuk.
19:17 of 3rd period - Goal by Ilya Kovalchuk - Blue Jackets : 2 - Golden Knights : 4.
19:17 of 3rd period - Rick DiPietro from Blue Jackets was sent back in the game.
19:18 of 3rd period - Maxim Lapierre wins face-off versus Derek Boogaard in neutral zone.
19:30 of 3rd period - Minor Penalty to Mike Lundin for Goalie Interference.
19:31 of 3rd period - Matt Stajan wins face-off versus Derek Boogaard in Blue Jackets zone.
19:45 of 3rd period - Slapshot by Zach Bogosian.
19:45 of 3rd period - Shot Misses the Net.
19:47 of 3rd period - Slapshot by Jared Cowen.
19:47 of 3rd period - Shot Misses the Net.
Goals for this period are 0 for Blue Jackets vs 2 for Golden Knights.
Shots for this period are 5 for Blue Jackets vs 12 for Golden Knights.